APP
BURLINGTON ROYALS @ BOSTON (APP) RED SOX
07/02/2044
 
TOP OF THE 1ST
Burlington Royals batting - Pitching for Boston (APP) Red Sox : LHP Roald van Erkel
Pitching: LHP Roald van Erkel
Batting: RHB Tim Persson 0-0: Called Strike
0-1: Ball
1-1: Called Strike
1-2: Ball
2-2: Strikes out looking
Batting: LHB Ernesto Abreu 0-0: Called Strike
0-1: Ball
1-1: Foul Ball, location: 2F
1-2: Ball
2-2: Ground out U3 (Groundball, 34, EV 88.1 MPH)
Batting: SHB Manny Berrones 0-0: Ball
1-0: Ball
2-0: Ground out 5-3 (Groundball, 56, EV 86.9 MPH)
Top of the 1st over - 0 runs, 0 hits, 0 errors, 0 left on base; Burlington 0 - Boston (APP) 0
BOTTOM OF THE 1ST
Boston (APP) Red Sox batting - Pitching for Burlington Royals : RHP Matthew Orphan
Pitching: RHP Matthew Orphan
Batting: LHB Stanislav Parusov 0-0: Ball
1-0: Foul Ball, location: 2F
1-1: Called Strike
1-2: Ground out 1-3 (Groundball, 13S, EV 70.6 MPH)
Batting: RHB Matt Hinkle 0-0: Called Strike
0-1: Swinging Strike
0-2: Foul Ball, location: 2F
0-2: Ball
1-2: Foul Ball, location: 2F
1-2: Strikes out swinging
Batting: RHB Frank Sokolosky 0-0: Called Strike
0-1: Ball
1-1: Ball
2-1: Swinging Strike
2-2: Strikes out swinging
Bottom of the 1st over - 0 runs, 0 hits, 0 errors, 0 left on base; Burlington 0 - Boston (APP) 0
TOP OF THE 2ND
Burlington Royals batting - Pitching for Boston (APP) Red Sox : LHP Roald van Erkel
Batting: SHB Danny Ballenger 0-0: Ball
1-0: Ball
2-0: Ball
3-0: Called Strike
3-1: Base on Balls
Batting: RHB Rob Ward 0-0: Fly out, F5 (Line Drive, 5, EV 69.4 MPH)
Batting: LHB Bobby Gonzalez 0-0: Foul Ball, location: 2F
0-1: Swinging Strike
0-2: 2-RUN HOME RUN (Flyball, 9LD, EV 93.8 MPH), Distance : 359 ft
Batting: SHB Marcos Cortez 0-0: Called Strike
0-1: Foul Ball, location: 2F
0-2: Strikes out swinging
Batting: RHB Shane Bruce 0-0: Called Strike
0-1: Ground out 5-3 (Groundball, 56S, EV 71.2 MPH)
Top of the 2nd over - 2 runs, 1 hit, 0 errors, 0 left on base; Burlington 2 - Boston (APP) 0
BOTTOM OF THE 2ND
Boston (APP) Red Sox batting - Pitching for Burlington Royals : RHP Matthew Orphan
Batting: RHB William Lung 0-0: Ball
1-0: Ball
2-0: Ball
3-0: Called Strike
3-1: Base on Balls
Batting: LHB Frank Olivo 0-0: Swinging Strike
0-1: Swinging Strike
0-2: Strikes out swinging
Batting: RHB Mike Strey 0-0: Ball
1-0: Called Strike
1-1: Ball
2-1: Foul Ball, location: 2F
2-2: Fly out, F9 (Line Drive, 9, EV 88.8 MPH)
Batting: RHB Dominique Paolozzi 0-0: Ball
1-0: Called Strike
1-1: Fly out, F6 (Line Drive, 6, EV 66.2 MPH)
Bottom of the 2nd over - 0 runs, 0 hits, 0 errors, 1 left on base; Burlington 2 - Boston (APP) 0
TOP OF THE 3RD
Burlington Royals batting - Pitching for Boston (APP) Red Sox : LHP Roald van Erkel
Batting: RHB Steve Ryals 0-0: Swinging Strike
0-1: Called Strike
0-2: Strikes out looking
Batting: RHB Tim Persson 0-0: Foul Ball, location: 2F
0-1: Ball
1-1: Foul Ball, location: 2F
1-2: Ball
2-2: Ball
3-2: Fly out, F8 (Flyball, 8LM, EV 90.0 MPH)
Batting: LHB Ernesto Abreu 0-0: Called Strike
0-1: Foul Ball, location: 2F
0-2: Foul Ball, location: 2F
0-2: Strikes out swinging
Top of the 3rd over - 0 runs, 0 hits, 0 errors, 0 left on base; Burlington 2 - Boston (APP) 0
BOTTOM OF THE 3RD
Boston (APP) Red Sox batting - Pitching for Burlington Royals : RHP Matthew Orphan
Batting: RHB Rogelio Cervantes 0-0: Foul Ball, location: 2F
0-1: Called Strike
0-2: Ball
1-2: Foul Ball, location: 2F
1-2: Strikes out looking
Batting: RHB Joe Booth 0-0: Ball
1-0: Ball
2-0: SINGLE (Groundball, 6M, EV 98.8 MPH)
Batting: LHB Stanislav Parusov 0-0: Ball
1-0: Ball
2-0: Called Strike
2-1: Foul Ball, location: 2F
2-2: SINGLE (Groundball, 6M, EV 105.6 MPH) (infield hit)
Joe Booth to second
Batting: RHB Matt Hinkle 0-0: Called Strike
Joe Booth steals 3rd base
Stanislav Parusov to second
0-1: Ball
1-1: Ball
2-1: Foul Ball, location: 2F
2-2: Reached on error, E6 (Groundball, 6, EV 86.2 MPH)
Joe Booth scores
Stanislav Parusov to third
Batting: RHB Frank Sokolosky 0-0: Ball
Matt Hinkle steals 2nd base
1-0: 3-RUN HOME RUN (Flyball, 7LD, EV 91.9 MPH), Distance : 333 ft
Batting: RHB William Lung 0-0: Ball
1-0: Ball
2-0: Foul Ball, location: 2F
2-1: Ball
3-1: Foul Ball, location: 2F
3-2: Base on Balls
Batting: LHB Frank Olivo 0-0: Foul Ball, location: 2F
0-1: Ball
1-1: Foul Ball, location: 2F
1-2: Foul Ball, location: 2F
1-2: Strikes out looking
Batting: RHB Mike Strey 0-0: Ball
1-0: Fielders Choice at 2nd, 5-4 (Groundball, 56, EV 90.6 MPH)
Bottom of the 3rd over - 4 runs, 3 hits, 1 error, 1 left on base; Burlington 2 - Boston (APP) 4
TOP OF THE 4TH
Burlington Royals batting - Pitching for Boston (APP) Red Sox : LHP Roald van Erkel
Batting: SHB Manny Berrones 0-0: Called Strike
0-1: Ball
1-1: Foul Ball, location: 2F
1-2: Strikes out looking
Batting: SHB Danny Ballenger 0-0: Called Strike
0-1: Swinging Strike
0-2: Strikes out looking
Batting: RHB Rob Ward 0-0: Swinging Strike
0-1: Ball
1-1: Called Strike
1-2: Foul Ball, location: 2F
1-2: Strikes out swinging
Top of the 4th over - 0 runs, 0 hits, 0 errors, 0 left on base; Burlington 2 - Boston (APP) 4
BOTTOM OF THE 4TH
Boston (APP) Red Sox batting - Pitching for Burlington Royals : RHP Matthew Orphan
Batting: RHB Dominique Paolozzi 0-0: Called Strike
0-1: Called Strike
0-2: Ball
1-2: Strikes out looking
Batting: RHB Rogelio Cervantes 0-0: Fly out, F8 (Flyball, 8RD, EV 101.2 MPH)
Batting: RHB Joe Booth 0-0: SINGLE (Groundball, P, EV 91.2 MPH) (infield hit)
Batting: LHB Stanislav Parusov 0-0: Swinging Strike
0-1: Ball
1-1: Ball
2-1: Foul Ball, location: 2F
2-2: Strikes out swinging
Bottom of the 4th over - 0 runs, 1 hit, 0 errors, 1 left on base; Burlington 2 - Boston (APP) 4
TOP OF THE 5TH
Burlington Royals batting - Pitching for Boston (APP) Red Sox : LHP Roald van Erkel
Batting: LHB Bobby Gonzalez 0-0: Called Strike
0-1: Ball
1-1: Foul Ball, location: 2F
1-2: Fly out, F8 (Flyball, 8LXD, EV 95.0 MPH)
Batting: SHB Marcos Cortez 0-0: Fly out, F3 (Line Drive, 3, EV 68.1 MPH)
Batting: RHB Shane Bruce 0-0: Swinging Strike
0-1: Swinging Strike
0-2: Foul Ball, location: 2F
0-2: Reached on error, E5 (Groundball, 5, EV 85.0 MPH)
Batting: RHB Steve Ryals 0-0: Ball
1-0: Ball
2-0: Called Strike
2-1: Foul Ball, location: 2F
2-2: Foul Ball, location: 2F
2-2: Strikes out swinging
Top of the 5th over - 0 runs, 0 hits, 1 error, 1 left on base; Burlington 2 - Boston (APP) 4
BOTTOM OF THE 5TH
Boston (APP) Red Sox batting - Pitching for Burlington Royals : RHP Matthew Orphan
Batting: RHB Matt Hinkle 0-0: Hit by Pitch
Batting: RHB Frank Sokolosky 0-0: Ball
1-0: Grounds into double play, 4-6-3 (Groundball, 4, EV 111.2 MPH)
Batting: RHB William Lung 0-0: Ball
1-0: Ball
2-0: Ball
3-0: Called Strike
3-1: Swinging Strike
3-2: SINGLE (Groundball, 4D, EV 104.4 MPH)
Pitching: RHP Ted Splawn
Batting: LHB Frank Olivo 0-0: Foul Ball, location: 2F
0-1: Ball
1-1: Swinging Strike
1-2: Ball
2-2: Ball
3-2: 2-RUN HOME RUN (Flyball, 9D, EV 95.0 MPH), Distance : 362 ft
Batting: RHB Mike Strey 0-0: Ball
1-0: Ball
2-0: Swinging Strike
2-1: Swinging Strike
2-2: Foul Ball, location: 2F
2-2: Strikes out swinging
Bottom of the 5th over - 2 runs, 2 hits, 0 errors, 0 left on base; Burlington 2 - Boston (APP) 6
TOP OF THE 6TH
Burlington Royals batting - Pitching for Boston (APP) Red Sox : LHP Roald van Erkel
Batting: RHB Tim Persson 0-0: Ball
1-0: Foul Ball, location: 2F
1-1: Called Strike
1-2: Strikes out swinging
Batting: LHB Ernesto Abreu 0-0: Called Strike
0-1: Ball
1-1: Ball
2-1: Ball
3-1: Foul Ball, location: 2F
3-2: Fly out, F8 (Flyball, 8RXD, EV 80.0 MPH)
Batting: SHB Manny Berrones 0-0: Ball
1-0: Swinging Strike
1-1: Foul Ball, location: 2F
1-2: Foul Ball, location: 2F
1-2: Strikes out swinging
Top of the 6th over - 0 runs, 0 hits, 0 errors, 0 left on base; Burlington 2 - Boston (APP) 6
BOTTOM OF THE 6TH
Boston (APP) Red Sox batting - Pitching for Burlington Royals : RHP Ted Splawn
Batting: RHB Dominique Paolozzi 0-0: Ball
1-0: Ball
2-0: Foul Ball, location: 2F
2-1: Foul Ball, location: 2F
2-2: Ball
3-2: Fly out, F4 (Flyball, 4D, EV 85.0 MPH)
Batting: RHB Rogelio Cervantes 0-0: Ball
1-0: Ball
2-0: Swinging Strike
2-1: Foul Ball, location: 2F
2-2: Foul Ball, location: 2F
2-2: Strikes out looking
Batting: RHB Joe Booth 0-0: SINGLE (Groundball, 56D, EV 95.6 MPH)
Batting: LHB Stanislav Parusov 0-0: Ball
1-0: Ball
2-0: Ball
3-0: Foul Ball, location: 2F
3-1: Base on Balls
Joe Booth to second
Batting: RHB Matt Hinkle 0-0: Called Strike
0-1: Reached on error, E4 (Flyball, 34D, EV 82.5 MPH)
Joe Booth to third
Stanislav Parusov to second
Batting: RHB Frank Sokolosky 0-0: Fly out, F7 (Line Drive, 7, EV 86.9 MPH)
Bottom of the 6th over - 0 runs, 1 hit, 1 error, 3 left on base; Burlington 2 - Boston (APP) 6
TOP OF THE 7TH
Burlington Royals batting - Pitching for Boston (APP) Red Sox : LHP Roald van Erkel
Batting: SHB Danny Ballenger 0-0: Ball
1-0: Called Strike
1-1: Ball
2-1: Swinging Strike
2-2: Foul Ball, location: 2F
2-2: Strikes out swinging
Pitching: LHP Eddie Contreras
Batting: RHB Rob Ward 0-0: Ball
1-0: Hit by Pitch
Batting: LHB Bobby Gonzalez 0-0: Foul Ball, location: 2F
0-1: Fly out, F7 (Flyball, 7S, EV 86.9 MPH)
Batting: SHB Marcos Cortez 0-0: Ball
1-0: Ball
2-0: Swinging Strike
2-1: Called Strike
2-2: Foul Ball, location: 2F
2-2: Strikes out swinging
Top of the 7th over - 0 runs, 0 hits, 0 errors, 1 left on base; Burlington 2 - Boston (APP) 6
BOTTOM OF THE 7TH
Boston (APP) Red Sox batting - Pitching for Burlington Royals : RHP Ted Splawn
Pitching: LHP Jake Warwick
Batting: RHB William Lung 0-0: Ball
1-0: Ball
2-0: Fly out, F1 (Line Drive, P, EV 68.8 MPH)
Batting: LHB Frank Olivo 0-0: Fly out, F8 (Flyball, 8LD, EV 96.2 MPH)
Batting: RHB Mike Strey 0-0: Ball
1-0: Called Strike
1-1: Swinging Strike
1-2: Strikes out swinging
Bottom of the 7th over - 0 runs, 0 hits, 0 errors, 0 left on base; Burlington 2 - Boston (APP) 6
TOP OF THE 8TH
Burlington Royals batting - Pitching for Boston (APP) Red Sox : LHP Eddie Contreras
Batting: RHB Shane Bruce 0-0: Ball
1-0: Called Strike
1-1: Ball
2-1: Ball
3-1: Base on Balls
Batting: RHB Steve Ryals 0-0: Bunted foul
0-1: Bunted foul
0-2: Sac Bunt to 2L - play at first, batter OUT! 2-3
Shane Bruce to second
Batting: RHB Tim Persson 0-0: Called Strike
0-1: Swinging Strike
Passed Ball!
Shane Bruce to third
0-2: Ball
1-2: Hit by Pitch
Batting: LHB Ernesto Abreu 0-0: Ball
1-0: Foul Ball, location: 2F
1-1: Swinging Strike
1-2: Strikes out looking
Batting: SHB Manny Berrones 0-0: Called Strike
0-1: Ball
1-1: Called Strike
1-2: Strikes out swinging
Top of the 8th over - 0 runs, 0 hits, 0 errors, 2 left on base; Burlington 2 - Boston (APP) 6
BOTTOM OF THE 8TH
Boston (APP) Red Sox batting - Pitching for Burlington Royals : LHP Jake Warwick
Batting: RHB Dominique Paolozzi 0-0: DOUBLE (Line Drive, 78D, EV 100.0 MPH)
Batting: RHB Rogelio Cervantes 0-0: Ball
1-0: Foul Ball, location: 2F
1-1: Sac Bunt to 25 - play at first, batter OUT! 5-3
Dominique Paolozzi to third
Batting: RHB Joe Booth 0-0: Reached on error, E3 (Groundball, 13, EV 93.1 MPH)
Dominique Paolozzi scores
Batting: LHB Stanislav Parusov 0-0: Ball
Joe Booth steals 2nd base
1-0: Called Strike
1-1: Ball
2-1: Foul Ball, location: 2F
2-2: Reached on error, E4 (Groundball, 4, EV 103.1 MPH)
Joe Booth to third
Batting: RHB Matt Hinkle 0-0: Foul Ball, location: 2F
0-1: Ball
1-1: Ball
Wild Pitch!
Joe Booth scores
Stanislav Parusov to second
2-1: Ball
3-1: Base on Balls
Batting: RHB Frank Sokolosky 0-0: Foul Ball, location: 2F
0-1: Ball
1-1: Fly out, F4 (Popup, 4M, EV 60.0 MPH)
Batting: RHB William Lung 0-0: Foul Ball, location: 2F
0-1: Ball
1-1: Swinging Strike
1-2: Strikes out swinging
Bottom of the 8th over - 2 runs, 1 hit, 2 errors, 2 left on base; Burlington 2 - Boston (APP) 8
TOP OF THE 9TH
Burlington Royals batting - Pitching for Boston (APP) Red Sox : LHP Eddie Contreras
Batting: SHB Danny Ballenger 0-0: Called Strike
0-1: Foul Ball, location: 2F
0-2: Strikes out swinging
Batting: RHB Rob Ward 0-0: Foul Ball, location: 2F
0-1: Ball
1-1: Ground out 3-1 (Groundball, 34, EV 82.5 MPH)
Batting: LHB Bobby Gonzalez 0-0: Foul Ball, location: 2F
0-1: Ball
1-1: Ball
2-1: Foul Ball, location: 2F
2-2: Strikes out swinging
Top of the 9th over - 0 runs, 0 hits, 0 errors, 0 left on base; Burlington 2 - Boston (APP) 8
Thursday, March 31st , 2022 - OOTP Baseball 22.12 Build 89